 Dungeon Crawl Stone Soup version 0.30-a0-591-g3c58d2bc28 (webtiles) character file.

Game seed: 16276367339024937647

38 Citaku the Poker (level 3, 0/27 HPs)
             Began as a Demonspawn Wanderer on Jan 6, 2023.
             Slain by a ball python (2 damage)
             ... on level 1 of the Dungeon.
             The game lasted 00:01:59 (998 turns).

Citaku the Poker (Demonspawn Wanderer)               Turns: 998, Time: 00:01:59

Health: 0/27       AC:  3    Str: 14    XL:     3   Next: 25%
Magic:  3/3        EV:  8    Int: 11    God:
Gold:   37         SH:  4    Dex: 14    Spells: 2/2 levels left

rFire   . . .      SeeInvis .    g - +0 short sword (elec)
rCold   . . .      Faith    .    (no shield)
rNeg    . . .      Spirit   .    e - +0 leather armour
rPois   .          Reflect  .    (no helmet)
rElec   .          Harm     .    (no cloak)
rCorr   .          Rampage  .    (no gloves)
Will    .....                    (no boots)
Stlth   +                        (no amulet)
HPRegen 0.24/turn                (no ring)
MPRegen 0.08/turn                (no ring)

@: constricted
A: condensation shield
a: no special abilities


You were on level 1 of the Dungeon.
You visited 1 branch of the dungeon, and saw 1 of its levels.

You collected 37 gold pieces.

Inventory:

Hand Weapons
 g - a +0 short sword of electrocution (weapon)
Armour
 e - a +0 leather armour (worn)
Wands
 c - a wand of flame (1) (quivered)
Scrolls
 d - a scroll of fog
 f - a scroll of identify {unknown}
Potions
 b - a potion of mutation {unknown}


   Skills:
 + Level 1.7 Fighting
 + Level 3.1 Short Blades
 + Level 4.7 Polearms
 + Level 1.7 Evocations


You had 2 spell levels left.
You didn't know any spells.
Your spell library was empty.

Dungeon Overview and Level Annotations

Branches:
Dungeon (1/15)

Altars:

Shops:
D:1 (


Innate Abilities, Weirdness & Mutations

A meltable shield of frost defends you. (SH +4)


Message History

The ball python constricts you. The giant cockroach misses you.
The ball python bites you. The ball python constricts you.
The giant cockroach barely misses you. The ball python barely misses you.
The ball python constricts you. The giant cockroach bites you.
The ball python bites you but does no damage.
The ball python constricts you. The giant cockroach barely misses you.
The ball python bites you but does no damage.
The ball python constricts you. You block the giant cockroach's attack.
The ball python bites you. The ball python constricts you.
The giant cockroach bites you. The ball python bites you.
* * * LOW HITPOINT WARNING * * *
The ball python constricts you. The giant cockroach barely misses you.
The ball python closely misses you. The ball python constricts you.
* * * LOW HITPOINT WARNING * * *
The giant cockroach bites you but does no damage.
You block the ball python's attack. The ball python constricts you.
The giant cockroach bites you.
* * * LOW HITPOINT WARNING * * *
The ball python bites you but does no damage.
The ball python constricts you.
The giant cockroach completely misses you.
The ball python bites you but does no damage.
The ball python constricts you.
* * * LOW HITPOINT WARNING * * *
The giant cockroach bites you.
* * * LOW HITPOINT WARNING * * *
The ball python bites you.
* * * LOW HITPOINT WARNING * * *
The ball python constricts you.
The giant cockroach bites you but does no damage.
The ball python bites you but does no damage.
The ball python constricts you. The giant cockroach bites you.
* * * LOW HITPOINT WARNING * * *
The ball python bites you.
You die...

#.................#.#.####......
#..#................#.# #######
#..#..................# #
#......................# #
#.###...##.......####.## #######
#.# #...###.########..# #......
#.# #...# #.........+## ###'...
#.# #...# #...S######..###..#...
#.# #...# ##.#B@....#...8...#...
#.# #...# #.#########.....##...
#.# ########.# #.._(.##### #.#
#)......### ##.....## #.#
#.......[.######...8...# #.#
#...........)..#..###..####
##.## #.....^...####.+## ###'..#
....# #.........# ###.. ....#
#.........# ##.


You could see a giant cockroach and a ball python.

Vanquished Creatures
  A gnoll (D:1)
  A dart slug (D:1)
  4 endoplasms (D:1)
  3 giant cockroaches (D:1)
  A goblin (D:1)
  2 hobgoblins (D:1)
  4 jackals (D:1)
  A quokka (D:1)
  A bat (D:1)
  A frilled lizard (D:1)
  3 kobolds (D:1)
22 creatures vanquished.

Notes
Turn   | Place    | Note
-------+----------+-------------------------------------------
     0 | D:1      | Citaku the Demonspawn Wanderer began the quest for the Orb.
     0 | D:1      | Citaku set off with the following items: a +2 spear, a +0
                  | short sword, a wand of flame (4), a scroll of fog, a +0
                  | leather armour.
     0 | D:1      | Reached XP level 1. HP: 15/15 MP: 1/1
   155 | D:1      | Gained mutation: A meltable shield of frost defends you.
                  | (SH +4) [demonic ancestry]
   155 | D:1      | Reached XP level 2. HP: 5/21 MP: 2/2
   247 | D:1      | Found Namufraa's Antique Weapon Emporium.
   492 | D:1      | Found a faded altar of an unknown god.
   744 | D:1      | Reached XP level 3. HP: 9/26 MP: 3/3
   998 | D:1      | Slain by a ball python

Illustrated notes

Levels and vault maps discovered:
D:1:      roderic_chinese_lattice_arrival, layout_basic, serial_shops, shop,
          hellmonk_ecumenical_altar_slurped_away

Skill      XL: |  1  2 |
---------------+-------+-----
Short Blades   | 3 |  3.1
Fighting       | |  1.7
Polearms       | |  4.7
Evocations     | |  1.7

Action                   || total
-------------------------++-------
Melee: Spear             ||    15
       Short sword       ||    64
       Punch             ||     1
Evoke: Wand              ||     3
Armor: Leather armour    ||    33
Dodge: Dodged            ||    65
Block: Other             ||    15

Table legend: (Time is in decaauts)
 A = Elapsed time spent in this place.
 B = Non-inter-level travel time spent in this place.
 C = Inter-level travel time spent in this place.
 D = Time resting spent in this place.
 E = Time spent auto-exploring this place.
 F = Levels seen in this place.
 G = Mean time per level.
                   A        B        C        D        E       F      G
               +--------+--------+--------+--------+--------+-----+--------+
         Total |    986 |    986 |      0 |      0 |    736 |   1 |  986.0 |
       Dungeon |    986 |    986 |      0 |      0 |    736 |   1 |  986.0 |
               +--------+--------+--------+--------+--------+-----+--------+

Top non-repeatable levels by time:
     D:1: 986 daAuts
